 Dungeon Crawl Stone Soup version 0.29-a0-82-g837932c90e (webtiles) character file.

Game seed: 11026265974321639208

1414 enile the Thaumaturge (level 8, -3/61 HPs)
             Began as a Gnoll Wanderer on Feb 5, 2022.
             Was a Believer of Fedhas.
             Slain by a wraith (9 damage)
             ... in an ossuary.
             The game lasted 00:09:36 (5027 turns).

enile the Thaumaturge (Gnoll Wanderer)              Turns: 5027, Time: 00:09:36

Health: -3/61      AC:  4    Str: 11    XL:     8   Next: 71%
Magic:  20/20      EV: 14    Int: 10    God:    Fedhas [**....]
Gold:   64         SH:  0    Dex: 16    Spells: 20/23 levels left

rFire   + . .      SeeInvis .   e - +3 scimitar (flame)
rCold   x . .      Faith    .   (no shield)
rNeg    + . .      Spirit   .   j - +0 leather armour {rN+}
rPois   .          Reflect  .   (no helmet)
rElec   .          Harm     .   c - +0 cloak
rCorr   .          Rampage  .   (no gloves)
Will    .....                   (no boots)
Stlth   ++........              k - amulet of regeneration
HPRegen 1.00/turn               s - ring of fire
MPRegen 0.17/turn               (no ring)

@: slowed, very slow
A: fangs 1, strong nose, distributed training
a: Renounce Religion, Wall of Briars


You were in an ossuary.
You worshipped Fedhas.
Fedhas was pleased with you.
You visited 1 branch of the dungeon, and saw 5 of its levels.
You also visited: Ossuary.

You collected 209 gold pieces.
You spent 145 gold pieces at shops.

Inventory:

Hand Weapons
 a - a +0 hand crossbow
 e - a +3 scimitar of flaming (weapon)
 g - a +2 dagger of venom
 m - a +2 great sword
 n - a +0 quarterstaff of speed
 v - a +2 scimitar
Missiles
 b - 40 bolts
Armour
 c - a +0 cloak (worn)
 d - a +0 leather armour
 j - a +0 leather armour of positive energy (worn)
Jewellery
 k - an amulet of regeneration (around neck)
 s - a ring of fire (left hand)
Wands
 y - a wand of iceblast (12)
 B - a wand of flame (7)
Scrolls
 h - 5 scrolls of teleportation
 l - 3 scrolls of vulnerability
 o - a scroll of immolation
 q - 4 scrolls of fog
 r - a scroll of summoning
 t - 2 scrolls of enchant armour {unknown}
 u - a scroll of amnesia
 w - a scroll of fear
 x - 2 scrolls of identify
 z - a scroll of blinking
Potions
 f - a potion of curing {unknown}
 i - a potion of heal wounds
 p - a potion of invisibility {unknown}
 A - a potion of might {unknown}
 C - a potion of attraction {unknown}
 D - a potion of mutation {unknown}


   Skills:
 + Level 4.4 Fighting
 + Level 3.5 Short Blades
 + Level 3.5 Long Blades
 + Level 3.5 Axes
 + Level 3.5 Maces & Flails
 + Level 3.5 Polearms
 + Level 3.5 Staves
 + Level 3.5 Slings
 + Level 3.5 Bows
 + Level 5.8 Crossbows
 + Level 3.5 Throwing
 + Level 4.4 Armour
 + Level 5.8 Dodging
 + Level 3.5 Stealth
 + Level 3.5 Shields
 + Level 3.5 Unarmed Combat
 + Level 8.0 Spellcasting
 + Level 2.9 Conjurations
 + Level 2.9 Hexes
 + Level 2.9 Summonings
 + Level 2.9 Necromancy
 + Level 2.9 Translocations
 + Level 2.9 Transmutations
 + Level 2.9 Fire Magic
 + Level 2.9 Ice Magic
 + Level 2.9 Air Magic
 + Level 2.9 Earth Magic
 + Level 2.9 Poison Magic
 + Level 3.9 Invocations
 + Level 3.5 Evocations


You had 20 spell levels left.
You knew the following spells:

 Your Spells              Type           Power      Damage    Failure   Level
a - Freeze                Ice            36%        1d6       6%          1
b - Searing Ray           Conj           18%        2d5       10%         2

Your spell library contained the following spells:

 Spells                   Type           Power      Damage    Failure   Level
 Pain                     Necr           36%        1d5       6%          1
 Sublimation of Blood     Necr           9%         N/A       10%         2


Dungeon Overview and Level Annotations

Branches:
Dungeon (5/15)            Ossuary (1/1)
 Temple: D:4-7

Altars:
Ashenzari
Fedhas
Okawaru
Zin

Shops:
D:4 ?   D:5 *


Innate Abilities, Weirdness & Mutations

You have very sharp teeth.
Your uncanny sense of smell can sniff out nearby items.
Your experience applies equally to all skills.


Message History

You hit the wraith. You burn the wraith.
The wraith is severely damaged.
The wraith hits you. x2; The wraith drains your vigour!
You feel as though you will be slow longer.
You hit the wraith. You burn the wraith.
The wraith is severely damaged.
The wraith misses you. The wraith hits you but does no damage.
You hit the wraith but do no damage. You punch the wraith.
You bite the wraith, but do no damage.
The wraith is almost destroyed.
The wraith barely misses you. The wraith hits you!
The wraith drains your vigour!
You feel as though you will be slow longer.
You closely miss the wraith.
The wraith is almost destroyed.
The wraith hits you! The wraith drains your vigour!
You feel as though you will be slow longer.
The wraith hits you!
* * * LOW HITPOINT WARNING * * *
You closely miss the wraith.
The wraith is almost destroyed.
The wraith barely misses you. The wraith closely misses you.
You closely miss the wraith. Your bite misses the wraith.
The wraith is almost destroyed.
The wraith barely misses you.
You hit the wraith but do no damage.
The wraith is almost destroyed.
The wraith hits you!
* * * LOW HITPOINT WARNING * * *
The wraith misses you.
You hit the wraith but do no damage.
The wraith is almost destroyed.
The wraith completely misses you. The wraith barely misses you.
You closely miss the wraith.
The wraith is almost destroyed.
The wraith hits you!
* * * LOW HITPOINT WARNING * * *
The wraith hits you!
You die...
Fedhas appreciates your contribution to the ecosystem.

#...............#
#.###.......###.##
#.# #....!..#z#.'.
#.###.......###.##
#...............#
#.###..###..###.#
#.#.#..#z#..# #.#
#.W##..###..# +.#
#@........... ..#
#################


You could see a wraith.

Vanquished Creatures
  Grinder (D:3)
  A wraith (Ossuary)
  A black bear (D:5)
  An ice beast (D:5)
  An ogre (D:5)
  Blork the orc (D:3)
  2 scorpions (D:5)
  A water moccasin zombie (D:5)
  3 wights (Ossuary)
  A hound (D:5)
  Jessica (D:2)
  A scorpion zombie (D:5)
  Natasha (thrice) (D:2)
  An iguana (D:5)
  4 orc wizards
  A hound skeleton (D:5)
  Robin (D:4)
  3 adders
  A white imp (D:5)
  2 adder zombies (Ossuary)
  3 worms
  4 dart slugs
  5 orcs (D:3)
  7 ball pythons
  4 endoplasms
  4 giant cockroaches
  13 goblins
  8 hobgoblins
  2 quokkas
  A ball python skeleton (Ossuary)
  10 bats
  4 frilled lizards
  A hobgoblin zombie (Ossuary)
  4 kobolds
  2 orc zombies (Ossuary)
  7 rats
110 creatures vanquished.

Notes
Turn   | Place    | Note
-------+----------+-------------------------------------------
     0 | D:1      | enile the Gnoll Wanderer began the quest for the Orb.
     0 | D:1      | enile set off with the following items: a +0 hand crossbow,
                  | 28 bolts, a +0 cloak, a +0 leather armour; and the
                  | following spells available to memorise: Freeze, Pain,
                  | Searing Ray, Sublimation of Blood
     0 | D:1      | Reached XP level 1. HP: 17/17 MP: 8/8
     2 | D:1      | Learned a level 1 spell: Freeze
    45 | D:1      | Reached XP level 2. HP: 23/23 MP: 10/10
   767 | D:1      | Reached XP level 3. HP: 27/28 MP: 11/11
  1489 | D:2      | Reached skill level 1 in Invocations
  1815 | D:2      | Noticed Natasha
  1826 | D:2      | Killed Natasha
  1827 | D:2      | Reached skill level 1 in Short Blades
  1827 | D:2      | Reached skill level 1 in Long Blades
  1827 | D:2      | Reached skill level 1 in Axes
  1827 | D:2      | Reached skill level 1 in Maces & Flails
  1827 | D:2      | Reached skill level 1 in Polearms
  1827 | D:2      | Reached skill level 1 in Staves
  1827 | D:2      | Reached skill level 1 in Slings
  1827 | D:2      | Reached skill level 1 in Bows
  1827 | D:2      | Reached skill level 1 in Throwing
  1827 | D:2      | Reached skill level 1 in Stealth
  1827 | D:2      | Reached skill level 1 in Shields
  1827 | D:2      | Reached skill level 1 in Unarmed Combat
  1827 | D:2      | Reached skill level 1 in Evocations
  1827 | D:2      | Reached XP level 4. HP: 28/34 MP: 13/13
  1870 | D:2      | Noticed Jessica
  1874 | D:2      | Noticed Natasha
  1894 | D:2      | Killed Natasha
  1895 | D:2      | Reached skill level 1 in Conjurations
  1895 | D:2      | Reached skill level 1 in Hexes
  1895 | D:2      | Reached skill level 1 in Summonings
  1895 | D:2      | Reached skill level 1 in Necromancy
  1895 | D:2      | Reached skill level 1 in Translocations
  1895 | D:2      | Reached skill level 1 in Transmutations
  1895 | D:2      | Reached skill level 1 in Fire Magic
  1895 | D:2      | Reached skill level 1 in Ice Magic
  1895 | D:2      | Reached skill level 1 in Air Magic
  1895 | D:2      | Reached skill level 1 in Earth Magic
  1895 | D:2      | Reached skill level 1 in Poison Magic
  1900 | D:2      | Killed Jessica
  1901 | D:2      | Reached XP level 5. HP: 33/40 MP: 14/14
  1946 | D:2      | Noticed Natasha
  1954 | D:2      | Killed Natasha
  1992 | D:2      | Found a faded altar of an unknown god.
  2177 | D:2      | Learned a level 2 spell: Searing Ray
  2823 | D:3      | Found a glowing silver altar of Zin.
  2950 | D:2      | Prayed at the altar of an unknown god.
  2950 | D:2      | Became a worshipper of Fedhas Madash
  2950 | D:2      | Reached * piety under Fedhas
  3762 | D:4      | Noticed Blork the orc
  3762 | D:4      | Noticed Robin
  3799 | D:3      | Reached XP level 6. HP: 30/47 MP: 16/16
  3926 | D:4      | Noticed Grinder
  3935 | D:3      | HP: 1/47 [Blork the orc/magic dart (6)]
  3949 | D:3      | Killed Blork the orc
  3949 | D:3      | Reached ** piety under Fedhas
  3950 | D:3      | Reached skill level 5 in Crossbows
  3950 | D:3      | Reached skill level 5 in Dodging
  4013 | D:3      | Paralysed by Grinder for 3 turns
  4029 | D:3      | Killed Grinder
  4030 | D:3      | Reached XP level 7. HP: 38/52 MP: 4/18
  4126 | D:4      | Killed Robin
  4196 | D:4      | Found an iron altar of Okawaru.
  4389 | D:4      | Found Xuhefarph's Magic Scroll Boutique.
  4394 | D:4      | Bought a scroll of magic mapping for 35 gold pieces
  4394 | D:4      | Bought a scroll of amnesia for 35 gold pieces
  4394 | D:4      | Bought a scroll of identify for 20 gold pieces
  4394 | D:4      | Bought a scroll of fear for 35 gold pieces
  4394 | D:4      | Bought a scroll of identify for 20 gold pieces
  4466 | D:5      | Entered Level 5 of the Dungeon
  4496 | D:5      | Found a broken altar of Ashenzari.
  4547 | D:5      | Reached XP level 8. HP: 26/60 MP: 19/19
  4609 | D:5      | Found Senkec's Superlative Supplies.
  4701 | D:5      | Found a sand-covered staircase.
  4716 | Ossuary  | Entered an ossuary
  4859 | Ossuary  | Reached skill level 8 in Spellcasting
  4922 | Ossuary  | Noticed a flying skull
  4922 | Ossuary  | Noticed a wraith
  4958 | Ossuary  | Noticed a flying skull
  4961 | Ossuary  | Noticed a flying skull
  4966 | Ossuary  | Noticed a wraith
  4975 | Ossuary  | Killed a wraith
  5007 | Ossuary  | Noticed a flying skull
  5013 | Ossuary  | Noticed a wraith
  5027 | Ossuary  | Slain by a wraith

Illustrated notes

Levels and vault maps discovered:
D:1:      heliophobic_arrival_henge, layout_basic, serial_corexii_hall,
          corexii_hall_statues_t, corexii_hall_statues_i, chequers_garden
D:2:      layout_loops_corners, hellmonk_ecumenical_altar_inner_sanctum,
          uniq_jessica, uniq_natasha
D:3:      layout_basic, mainiacjoe_overflow_alcove_2
D:4:      layout_rooms, lemuel_round_altar, serial_shops,
          nicolae_shop_hallway_plus, uniq_blork_the_orc, uniq_grinder,
          uniq_robin
D:5:      layout_basic, evilmike_ruin_ashenzari, kennysheep_vampire_church,
          gammafunk_ghost_split, lightli_ossuary_entry_decrepit_ruins,
          hangedman_decor_opposing, nicolae_alphabet_shops, uniq_eustachio
Ossuary:  ossuary_due_cavern

Skill      XL: |  1  2  3  4  5  6  7  8 |
---------------+-------------------------+-----
Invocations    | 1 2 3 |  3.9
Short Blades   | 1 2 3 |  3.5
Long Blades    | 1 2 3 |  3.5
Axes           | 1 2 3 |  3.5
Maces & Flails | 1 2 3 |  3.5
Polearms       | 1 2 3 |  3.5
Staves         | 1 2 3 |  3.5
Slings         | 1 2 3 |  3.5
Bows           | 1 2 3 |  3.5
Throwing       | 1 2 3 |  3.5
Stealth        | 1 2 3 |  3.5
Shields        | 1 2 3 |  3.5
Unarmed Combat | 1 2 3 |  3.5
Evocations     | 1 2 3 |  3.5
Conjurations   | 1 2 |  2.9
Hexes          | 1 2 |  2.9
Summonings     | 1 2 |  2.9
Necromancy     | 1 2 |  2.9
Translocations | 1 2 |  2.9
Transmutations | 1 2 |  2.9
Fire Magic     | 1 2 |  2.9
Ice Magic      | 1 2 |  2.9
Air Magic      | 1 2 |  2.9
Earth Magic    | 1 2 |  2.9
Poison Magic   | 1 2 |  2.9
Fighting       | 3 4 |  4.4
Armour         | 3 4 |  4.4
Crossbows      | 5 |  5.8
Dodging        | 5 |  5.8
Spellcasting   | 8 |  8.0

Action                   |  1- 3 |  4- 6 |  7- 9 || total
-------------------------+-------+-------+-------++-------
Melee: Dagger            |    57 |   110 |       ||   167
       Bite              |     7 |     9 |    10 ||    26
       Punch             |     1 |     3 |     6 ||    10
       Scimitar          |       |     7 |   133 ||   140
       Quarterstaff      |       |       |     6 ||     6
 Fire: Hand crossbow     |    24 |       |       ||    24
Throw: Throwing net      |       |       |     1 ||     1
 Cast: Freeze            |     2 |     3 |       ||     5
       Searing Ray       |       |    20 |       ||    20
  Use: Potion            |       |     5 |       ||     5
       Scroll            |       |       |     9 ||     9
 Stab: Sleeping          |     3 |     2 |     5 ||    10
       Distracted        |       |     1 |       ||     1
       Held in net/web   |       |       |     2 ||     2
Armor: Leather armour    |    21 |    34 |    24 ||    79
       Skin              |       |    11 |       ||    11
Dodge: Dodged            |    57 |    81 |    89 ||   227

Table legend: (Time is in decaauts)
 A = Elapsed time spent in this place.
 B = Non-inter-level travel time spent in this place.
 C = Inter-level travel time spent in this place.
 D = Time resting spent in this place.
 E = Time spent auto-exploring this place.
 F = Levels seen in this place.
 G = Mean time per level.
                   A        B        C        D        E       F      G
               +--------+--------+--------+--------+--------+-----+--------+
         Total |   5088 |   4729 |    359 |    120 |   3612 |   6 |  848.0 |
       Dungeon |   4744 |   4385 |    359 |    120 |   3378 |   5 |  948.8 |
       Ossuary |    344 |    344 |      0 |      0 |    234 |   1 |  344.0 |
               +--------+--------+--------+--------+--------+-----+--------+

Top non-repeatable levels by time:
     D:3: 1598 daAuts
     D:1: 1491 daAuts
     D:2: 1012 daAuts
     D:4: 378 daAuts
 Ossuary: 344 daAuts
     D:5: 263 daAuts
